 Dungeon Crawl Stone Soup version 0.28.0-53-g5a82cb258f (webtiles) character file.

Game seed: 1486426333896147865

16 MisterFreud the Covert (level 2, -11/29 HPs)
             Began as a Gnoll Delver on July 16, 2022.
             Mangled by Prince Ribbit (12 damage)
             ... on level 5 of the Dungeon.
             The game lasted 00:01:05 (578 turns).

MisterFreud the Covert (Gnoll Delver)                Turns: 578, Time: 00:01:06

Health: -11/29     AC:  3    Str: 11    XL:     2   Next: 54%
Magic:  2/2        EV: 13    Int:  9    God:
Gold:   24         SH:  0    Dex: 13    Spells: 1/1 levels left

rFire   . . .      SeeInvis .   a - +0 short sword
rCold   . . .      Faith    .   (no shield)
rNeg    . . .      Spirit   .   b - +0 leather armour
rPois   .          Reflect  .   (no helmet)
rElec   .          Harm     .   (no cloak)
rCorr   .          Rampage  .   (no gloves)
Will    .....                   (no boots)
Stlth   ++++......              (no amulet)
HPRegen 0.09/turn               (no ring)
MPRegen 0.08/turn               (no ring)

@: no status effects
A: fangs 1, strong nose, distributed training
a: no special abilities


You were on level 5 of the Dungeon.
You visited 1 branch of the dungeon, and saw 2 of its levels.
You also visited: Ossuary.

You collected 24 gold pieces.

Inventory:

Hand Weapons
 a - a +0 short sword (weapon)
Missiles
 h - 4 poisoned darts (quivered)
Armour
 b - a +0 leather armour (worn)
 f - the +1 leather armour "Yrag" {Stlth+}
   (You found it on level 5 of the Dungeon)

   Stlth:     It makes you more stealthy.
Wands
 g - a wand of digging (3)
Scrolls
 c - a scroll of fog
 d - a scroll of magic mapping
 e - a scroll of fear


   Skills:
 + Level 6.5 Fighting
 + Level 4.5 Short Blades
 + Level 0.4 Long Blades
 + Level 0.4 Axes
 + Level 0.4 Maces & Flails
 + Level 0.4 Polearms
 + Level 0.4 Staves
 + Level 0.4 Slings
 + Level 0.4 Bows
 + Level 0.4 Crossbows
 + Level 0.4 Throwing
 + Level 0.4 Armour
 + Level 4.5 Dodging
 + Level 9.5 Stealth
 + Level 0.4 Shields
 + Level 0.4 Unarmed Combat
 + Level 0.4 Spellcasting
 + Level 0.2 Conjurations
 + Level 0.2 Hexes
 + Level 0.2 Summonings
 + Level 0.2 Necromancy
 + Level 0.2 Translocations
 + Level 0.2 Transmutations
 + Level 0.2 Fire Magic
 + Level 0.2 Ice Magic
 + Level 0.2 Air Magic
 + Level 0.2 Earth Magic
 + Level 0.2 Poison Magic
 + Level 0.5 Invocations
 + Level 0.4 Evocations


You had one spell level left.
You didn't know any spells.
Your spell library was empty.

Dungeon Overview and Level Annotations

Branches:
Dungeon (6/15)            Ossuary (visited)
 Temple: D:4-7

Altars:

Annotations:
D:5 Prince Ribbit


Innate Abilities, Weirdness & Mutations

You have very sharp teeth.
Your uncanny sense of smell can sniff out nearby items.
Your experience applies equally to all skills.


Message History

No target in view!
Something unseen opens the door.
A gnoll comes into view. It is wielding a +0 spear.
The gnoll shouts! x3
The gnoll misses you.
You hit the gnoll but do no damage. You bite the gnoll, but do no damage.
The gnoll hits you from afar with a +0 spear.
The gnoll hits you with a +0 spear.
The gnoll hits you from afar with a +0 spear.
The gnoll closely misses you.
The gnoll hits you from afar with a +0 spear.
* * * LOW HITPOINT WARNING * * *
There is an open door, spattered with blood here.
Things that are here:
a +0 flail; a quokka corpse; a gnoll corpse You close the door, pushing everything out of the way.
You see here a gnoll corpse.
Found a short glowing staff.
A hound and a bullfrog zombie come into view.
You open the door. The bullfrog zombie hits you.
* * * LOW HITPOINT WARNING * * *
There is an open door here.
An ice beast comes into view.
The bullfrog zombie barely misses you. The bullfrog zombie closely misses you.
The bullfrog zombie barely misses you.
Prince Ribbit comes into view.
Prince Ribbit moves out of view.
The bullfrog zombie misses you. Prince Ribbit hits you.
* * * LOW HITPOINT WARNING * * *
Prince Ribbit barely misses you. Prince Ribbit hits you.
* * * LOW HITPOINT WARNING * * *
The bullfrog zombie closely misses you.
Prince Ribbit croaks regally.
Prince Ribbit misses you.
Prince Ribbit lets out a mournful croak.
Prince Ribbit hits you!
You die...

...... ..#.......###
#.#.##......#####
#.#.##...........
#.#.##.......... ####
#.#.##......... ....
#.#.##......######
#..#.................
#<..@FZ..............
####.#.##.........###
........#####......#
#####+### #......#
#......# #
######......# #
.#.......##### #
.........# #
.........#######


You could see Prince Ribbit and a bullfrog zombie.

Vanquished Creatures
  A gnoll (D:5)
  An adder zombie (Ossuary)
  A quokka (D:5)
  An orc zombie (Ossuary)
4 creatures vanquished.

Notes
Turn   | Place    | Note
-------+----------+-------------------------------------------
     0 | D:5      | Reached skill level 9 in Stealth
     0 | D:5      | MisterFreud the Gnoll Delver began the quest for the Orb.
     0 | D:5      | Reached XP level 1. HP: 23/23 MP: 1/1
    22 | D:6      | Found a sand-covered staircase.
    27 | Ossuary  | Entered an ossuary
    58 | Ossuary  | Noticed a water moccasin zombie
   446 | D:5      | Identified the +1 leather armour "Yrag" {Stlth+}
   464 | D:5      | Reached XP level 2. HP: 26/29 MP: 2/2
   559 | D:5      | Noticed an ice beast
   566 | D:5      | Noticed Prince Ribbit
   573 | D:5      | HP: 1/29 [Prince Ribbit (6)]
   578 | D:5      | Mangled by Prince Ribbit

Illustrated notes

Levels and vault maps discovered:
D:5:      layout_basic, patterned_corridor, uniq_prince_ribbit1, uniq_menkaure
D:6:      layout_gridville, nicolae_ossuary_entry_plus, kennysheep_dice

Skill      XL: | |
---------------+-+-----
Stealth        | |  9.5
Fighting       | |  6.5
Short Blades   | |  4.5
Long Blades    | |  0.4
Axes           | |  0.4
Maces & Flails | |  0.4
Polearms       | |  0.4
Staves         | |  0.4
Slings         | |  0.4
Bows           | |  0.4
Crossbows      | |  0.4
Throwing       | |  0.4
Armour         | |  0.4
Dodging        | |  4.5
Shields        | |  0.4
Unarmed Combat | |  0.4
Spellcasting   | |  0.4
Conjurations   | |  0.2
Hexes          | |  0.2
Summonings     | |  0.2
Necromancy     | |  0.2
Translocations | |  0.2
Transmutations | |  0.2
Fire Magic     | |  0.2
Ice Magic      | |  0.2
Air Magic      | |  0.2
Earth Magic    | |  0.2
Poison Magic   | |  0.2
Invocations    | |  0.5
Evocations     | |  0.4

Action                   || total
-------------------------++-------
Melee: Short sword       ||    49
       Bite              ||    11
       Punch             ||     2
  Use: Potion            ||     1
Armor: Leather armour    ||     5
Dodge: Dodged            ||    32
